 Dungeon Crawl Stone Soup version 0.24-a0-630-g0d56a851f4 (webtiles) character file.

Game seed: 13880688059106032477, levelgen mode: deterministic

40 Mame the Skirmisher (level 3, -1/33 HPs)
             Began as a Hill Orc Fighter on Sept 19, 2019.
             Slain by an adder (3 damage)
             ... on level 2 of the Dungeon.
             The game lasted 00:02:32 (785 turns).

Mame the Skirmisher (Hill Orc Fighter)               Turns: 785, Time: 00:02:33

Health: -1/33      AC:  3    Str: 19    XL:     3   Next: 50%
Magic:  3/3        EV: 11    Int: 13    God:
Gold:   89         SH:  0    Dex: 10    Spells: 2/2 levels left

rFire    . . .     SeeInvis .   a - +0 war axe
rCold    . . .     Gourm    .   (no shield)
rNeg     . . .     Faith    .   g - +0 leather armour
rPois    .         Spirit   .   (no helmet)
rElec    .         Reflect  .   (no cloak)
rCorr    .         Harm     .   (no gloves)
MR       .....                  (no boots)
Stlth    +.........             (no amulet)
HPRegen  0.11/turn              (no ring)
MPRegen  0.08/turn              (no ring)

@: brilliant, lethally poisoned (-1 -> -10), hasted, very quick
A: no striking features
a: no special abilities


You were on level 2 of the Dungeon.
You were not hungry.

You visited 1 branch of the dungeon, and saw 2 of its levels.

You collected 89 gold pieces.

Inventory:

Hand Weapons
 a - a +0 war axe (weapon)
Armour
 b - a +0 scale mail
 c - a +0 shield
 g - a +0 leather armour (worn)
 j - a +0 chain mail
 k - a +1 helmet
Jewellery
 m - an uncursed amulet of the gourmand {unknown}
Scrolls
 e - 2 scrolls of identify
 n - a scroll of teleportation {unknown}
Potions
 d - a potion of might
 h - a potion of degeneration
Comestibles
 f - 3 rations
 p - a chunk of flesh


   Skills:
 + Level 4.2 Fighting
 * Level 3.6 Axes
 + Level 3.9 Armour
 - Level 3.2 Shields


You had 2 spell levels left.
You didn't know any spells.
Your spell library was empty.

Dungeon Overview and Level Annotations

Branches:
Dungeon (2/15)

Altars:
Ashenzari


Message History

You are more poisoned.
The adder poisons you!
You barely miss the adder.
The adder is severely wounded.
* * * LOW HITPOINT WARNING * * *
You feel sick. The adder closely misses you.
You miss the adder.
The adder is severely wounded.
* * * LOW HITPOINT WARNING * * *
You feel sick. The adder closely misses you.
You barely miss the adder.
The adder is severely wounded.
* * * LOW HITPOINT WARNING * * *
You feel sick. The adder bites you.
* * * LOW HITPOINT WARNING * * *
You hit the adder.
The adder is almost dead.
* * * LOW HITPOINT WARNING * * *
You feel sick. The adder bites you.
You die...

#.........####...#.#########...
##.......## ##.##.# #..#
##.....## ####.# #.## ##...##
#.# #.# ##'## #.# #.#
#รท########## #.# #.#
#.##.......# #.# #.#
##.##.###.#.# #.# #.#
##...#.#.._.@# #.#
#......#.#.#.S..?# #.##
##...#.#.#.#.##### #<..
......##.# #...# ####
###...##.# ###># #........ ..#
##...#### ### ##..


You could see an adder.

Vanquished Creatures
  2 oozes (D:1)
  A worm (D:1)
  6 goblins (D:1)
  7 hobgoblins
  A quokka (D:2)
  2 bats (D:1)
  A frilled lizard (D:2)
  3 kobolds (D:1)
  5 rats
28 creatures vanquished.

Notes
Turn   | Place    | Note
-------+----------+-------------------------------------------
     0 | D:1      | Mame the Hill Orc Fighter began the quest for the Orb.
     0 | D:1      | Reached XP level 1. HP: 19/19 MP: 1/1
    90 | D:1      | Reached XP level 2. HP: 22/27 MP: 2/2
   126 | D:1      | Reached skill level 4 in Fighting
   251 | D:1      | Reached XP level 3. HP: 25/33 MP: 3/3
   767 | D:2      | Found a shattered altar of Ashenzari.
   785 | D:2      | Slain by an adder

Levels and vault maps discovered:
D:1:      evilmike_arrival_run_for_it, layout_rooms
D:2:      layout_loops_corners, lemuel_crystal_altar

Skill      XL: |  1  2 |
---------------+-------+-----
Axes           | 3 |  3.6
Fighting       | 4 |  4.2
Armour         | |  3.9
Shields        | |  3.2

Action                   || total
-------------------------++-------
Melee: War axe           ||    79
  Use: Potion            ||     3
       Scroll            ||     1
Armor: Scale mail        ||    33
       Leather armour    ||     2
Dodge: Dodged            ||    53

Table legend:
 A = Non-vault XP
 B = Vault XP
 C = Vault XP percentage of total XP
 D = Non-vault monster count
 E = Vault monster count
 F = Vault count percentage of total count
                 A         B        C        D         E       F
            +---------+---------+-------+---------+---------+-------
      Total |      53 |       5 |   8.6 |      27 |       1 |   3.6
            +---------+---------+-------+---------+---------+-------
        D:1 |      47 |       5 |   9.6 |      23 |       1 |   4.2
        D:2 |       6 |       0 |   0.0 |       4 |       0 |   0.0
            +---------+---------+-------+---------+---------+-------
